[Event "Team 45 45 League T29"]
[Site "Internet Chess Club"]
[Date "2005.12.31"]
[Round "2"]
[White "dcuprill"]
[Black "vhuffst"]
[Result "0-1"]
[WhiteElo "1088"]
[BlackElo "1232"]
[TimeControl "2700+45"]

1. d4 d5 2. c4 c6 3. Nf3 e6 4. Nc3 Nf6 5. Bg5 Nbd7 6. e3 Be7 7. Bd3 O-O 8. O-O
dxc4 9. Bxc4 Nd5 10. Bxe7 Qxe7 11. Nxd5 exd5 12. Bd3 Nf6 13. h3 Ne4 14. Qc2 Bf5
15. Nd2 Rfe8 16. Bxe4 dxe4 17. Rfe1 Qg5 18. Kf1 Re6 19. Qb3 b6 20. d5 cxd5 21.
Qxd5 Rd8 22. Rac1 Rxd5 23. Rc8+ Rd8 {White resigns} 0-1  aics%

[Event "Team 45 45 League T29"]
[Site "Internet Chess Club"]
[Date "2005.12.26"]
[Round "2"]
[White "Boromir"]
[Black "Polyglot"]
[Result "1-0"]
[WhiteElo "1862"]
[BlackElo "1768"]
[TimeControl "2700+45"]

1. e4 e5 2. Nf3 Nc6 3. d4 exd4 4. c3 dxc3 5. Nxc3 Nf6 6. Bc4 Bc5 7. O-O O-O 8.
Bg5 Be7 9. e5 Ne8 10. Bf4 d6 11. Nd5 dxe5 12. Nxe5 Nxe5 13. Bxe5 Bd6 14. f4 Bxe5
15. fxe5 c6 16. Nf6+ Nxf6 17. exf6 Qb6+ 18. Kh1 Qxb2 19. Qh5 Qc2 20. Rac1 Qg6
21. Qe5 Bg4 22. fxg7 Rae8 23. Qc7 Be6 24. Qxb7 Qxg7 25. Qxa7 Bxc4 26. Rxc4 Ra8
27. Qf2 Qg6 28. Qf3 Rfc8 29. Rg4 {Black resigns} 1-0  aics%

[Event "Team 45 45 League T29"]
[Site "Internet Chess Club"]
[Date "2005.12.22"]
[Round "2"]
[White "andy4226uk"]
[Black "Zarek"]
[Result "1-0"]
[WhiteElo "1844"]
[BlackElo "1839"]
[TimeControl "2700+45"]

1. e4 c5 2. Nf3 Nc6 3. d4 cxd4 4. Nxd4 Nf6 5. Nc3 d6 6. Bg5 e6 7. Qd2 Be7 8.
O-O-O O-O 9. f4 h6 10. Bh4 e5 11. Nf5 Bxf5 12. exf5 exf4 13. Kb1 Ne4 14. Nxe4
Bxh4 15. Qxf4 Ne5 16. Rxd6 Bg5 17. Qxe5 Qc7 18. Nxg5 hxg5 19. Qd5 Rad8 20. Rxd8
Rxd8 21. Qf3 Rd2 22. Bd3 Qf4 23. Qxf4 gxf4 24. Rg1 f3 25. gxf3 Rxh2 26. b3 Rf2
27. Be4 b6 28. Rd1 {Black resigns} 1-0  aics%

[Event "Team 45 45 League T29"]
[Site "Internet Chess Club"]
[Date "2006.01.04"]
[Round "2"]
[White "wojozim"]
[Black "martineden"]
[Result "1/2-1/2"]
[WhiteElo "1624"]
[BlackElo "1741"]
[TimeControl "2700+45"]

1. e4 e5 2. Nc3 Nf6 3. f4 d5 4. fxe5 Nxe4 5. Nf3 Bc5 6. d4 Bb4 7. Bd2 Bg4 8. a3
Bxc3 9. bxc3 Nd7 10. Be2 f6 11. O-O fxe5 12. Nxe5 Bxe2 13. Qxe2 Nxe5 14. dxe5
Qe7 15. c4 Qxe5 16. cxd5 O-O-O 17. c4 Qd4+ 18. Be3 Qc3 19. Qg4+ Kb8 20. Qxe4
Rhe8 21. Bxa7+ Kxa7 22. Qxh7 Qxc4 {Game drawn by mutual agreement} 1/2-1/2 
aics%

[Event "Team 45 45 League T29"]
[Site "Internet Chess Club"]
[Date "2005.12.26"]
[Round "2"]
[White "fledermaus"]
[Black "gule"]
[Result "1/2-1/2"]
[WhiteElo "1985"]
[BlackElo "1867"]
[TimeControl "2700+45"]

1. d4 Nf6 2. c4 e5 3. dxe5 Ng4 4. e3 Nxe5 5. Nc3 Bb4 6. Bd2 d6 7. Nd5 Bxd2+ 8.
Qxd2 Be6 9. b3 c6 10. Nf4 Qf6 11. Rd1 O-O 12. Be2 Na6 13. Nf3 Rfd8 14. O-O Nc5
15. Nh5 Nxf3+ 16. Bxf3 Qg5 17. e4 Nxe4 18. Qd4 Nf6 19. h4 Qe5 20. Nxf6+ Qxf6 21.
Qxf6 gxf6 22. Kh2 d5 23. cxd5 Bxd5 24. Bxd5 Rxd5 25. Rxd5 cxd5 26. Rd1 Rd8 27.
Kg3 Kf8 28. Kf4 Rd6 29. Rd2 h5 30. f3 Kg7 31. g4 Kg6 32. Rd4 b5 33. b4 Rc6 34.
gxh5+ Kxh5 35. Rxd5+ Kxh4 36. Rxb5 a6 37. Rb8 Kh5 38. Kf5 Kh6 39. a4 Rc3 40. f4
Kg7 41. b5 Rc5+ 42. Kg4 axb5 43. axb5 f5+ 44. Kf3 Rc3+ 45. Ke2 Rc4 46. Ke3 Re4+
47. Kf3 Rb4 48. Rb6 Rb3+ 49. Ke2 Rb4 {Game drawn by mutual agreement} 1/2-1/2 
aics%

[Event "Team 45 45 League T29"]
[Site "Internet Chess Club"]
[Date "2005.12.31"]
[Round "2"]
[White "rss"]
[Black "Winclick"]
[Result "1/2-1/2"]
[WhiteElo "1801"]
[BlackElo "1760"]
[TimeControl "2700+45"]

1. e4 c6 2. d3 d5 3. Nd2 Qa5 4. Nf3 Bg4 5. c3 dxe4 6. Nxe4 Nd7 7. Qe2 e5 8. h3
Bh5 9. g4 Bg6 10. Bg2 Be7 11. d4 Bxe4 12. Qxe4 Ngf6 13. Qe2 exd4 14. Nxd4 Qe5
15. Nf5 Qxe2+ 16. Kxe2 Bf8 17. Bf4 O-O-O 18. Rhe1 Nc5 19. Rad1 Rxd1 20. Rxd1 Ne6
21. Be5 Nd7 22. Nd6+ Bxd6 23. Bxd6 Re8 24. Kf1 Nec5 25. b4 Ne4 26. Bxe4 Rxe4 27.
Re1 Rxe1+ 28. Kxe1 g6 29. f3 b5 30. Kd2 Nf6 31. Kd3 Kd7 32. Bc5 a6 33. c4 {Game
drawn by mutual agreement} 1/2-1/2  aics%

[Event "Team 45 45 League T29"]
[Site "Internet Chess Club"]
[Date "2005.12.28"]
[Round "2"]
[White "Sean"]
[Black "Knightstorm57"]
[Result "1/2-1/2"]
[WhiteElo "1731"]
[BlackElo "1886"]
[TimeControl "2700+45"]

1. Nf3 Nf6 2. c4 g6 3. g3 Bg7 4. Bg2 O-O 5. Nc3 d6 6. O-O Nbd7 7. Rb1 a6 8. b4
Re8 9. Re1 Rb8 10. a4 c6 11. a5 d5 12. cxd5 Nxd5 13. Nxd5 cxd5 14. Bb2 Bxb2 15.
Rxb2 e5 16. d3 Nf6 17. Nd2 Bd7 18. Qb3 Be6 19. Rc1 Qd7 20. Rbc2 Rec8 21. Qb2 d4
22. Ne4 Nxe4 23. Bxe4 Rxc2 24. Rxc2 Rc8 25. Qc1 Rxc2 26. Qxc2 Qc8 27. Qxc8+ Bxc8
28. Bd5 Kf8 29. e3 dxe3 30. fxe3 Ke7 31. d4 exd4 32. exd4 f6 33. Kf2 Kd6 34. Be4
Kc7 35. Ke3 b6 36. Bd5 bxa5 37. bxa5 Bb7 38. Bc4 Kd6 39. Kd3 Bg2 40. Ke3 Bb7 41.
Kd3 h6 42. Ke3 f5 43. Bf7 g5 44. h4 Bd5 45. Bg6 Be6 46. Bh5 Bd7 47. Be2 Bc8 48.
Bc4 Bb7 49. Bd3 Bc8 50. Bc4 Bb7 51. Bd3 Ke6 52. Bc4+ Kf6 53. Bd3 Bc8 54. Bc4 Kg6
55. d5 gxh4 56. gxh4 Kh5 57. Kf4 Kg6 58. Ke5 Kf7 59. Be2 Ke7 60. Bh5 Kd7 61. Bg6
Ke7 62. Bxf5 Bb7 63. d6+ Ke8 64. Kf6 Bf3 65. Kg6 h5 66. Kf6 Kd8 67. Ke6 Be2 68.
Kf6 Bf3 69. Bd3 Kd7 70. Ke5 Bb7 71. Bf5+ Kd8 72. Kf6 Bf3 {Game drawn by
repetition} 1/2-1/2  aics%

[Event "Team 45 45 League T29"]
[Site "Internet Chess Club"]
[Date "2005.12.26"]
[Round "2"]
[White "dondel"]
[Black "Zyme"]
[Result "0-1"]
[WhiteElo "1648"]
[BlackElo "1526"]
[TimeControl "2700+45"]

1. e4 e6 2. Bc4 d5 3. exd5 exd5 4. Bb3 c5 5. c4 d4 6. d3 Nf6 7. Qe2+ Be7 8. Nd2
O-O 9. Ngf3 Bg4 10. h3 Re8 11. O-O Bh5 12. g4 Bd6 13. Ne4 Nxe4 14. dxe4 Bg6 15.
Bc2 Nc6 16. a3 Qc7 17. h4 h6 18. h5 Bh7 19. Nh4 Qe7 20. Nf5 Bxf5 21. gxf5 Ne5
22. Bd3 Qh4 23. f4 Qg3+ 24. Qg2 Qxg2+ 25. Kxg2 Nxd3 26. e5 Nxc1 27. Raxc1 Bc7
28. Rce1 Ba5 29. Re2 d3 30. Re3 Rad8 31. Rd1 d2 32. Kf3 f6 33. e6 Rd4 34. b3 Bc7
35. Re4 Rxe4 36. Kxe4 Rd8 37. e7 Rd4+ 38. Kf3 Rxf4+ 39. Ke2 Re4+ 40. Kd3 Rxe7
41. Rxd2 Rd7+ 42. Ke2 Rxd2+ 43. Kxd2 Bf4+ 44. Kd3 Kf7 45. Ke4 Bd6 46. Kf3 Ke7
47. Ke4 Kd7 48. Kd5 Be7 49. a4 a5 50. Ke4 Kd6 51. Kd3 Ke5 {White resigns} 0-1 
aics%

[Event "Team 45 45 League T29"]
[Site "Internet Chess Club"]
[Date "2005.12.23"]
[Round "2"]
[White "Justme"]
[Black "fuzzface"]
[Result "0-1"]
[WhiteElo "1322"]
[BlackElo "1364"]
[TimeControl "2700+45"]

1. e4 e5 2. Nf3 d6 3. Bc4 h6 4. h3 Nf6 5. Nc3 a6 6. a3 b5 7. Ba2 Bb7 8. d3 Be7
9. g3 c6 10. Be3 Nbd7 11. Nh4 d5 12. Nf5 O-O 13. g4 Kh7 14. g5 Ng8 15. exd5 Bxg5
16. Rg1 g6 17. Nd6 Bxe3 18. Qf3 Bxf2+ 19. Qxf2 Qf6 20. Nxb7 Qxf2+ 21. Kxf2 cxd5
22. Bxd5 Ne7 23. Nd6 Nxd5 24. Nxd5 Ra7 25. Ne4 Kg7 26. Ke2 f5 27. Nd6 f4 28. Kf3
Kh7 29. Rg2 Nf6 30. Nxf6+ Rxf6 31. Ne8 Re6 32. Rag1 Rxe8 33. Rxg6 Ree7 34. Ke4
Rg7 35. Rxg7+ Rxg7 36. Rxg7+ Kxg7 37. Kxe5 f3 38. d4 f2 39. d5 f1=Q 40. d6 Qxh3
41. Kd5 Qd7 42. b3 h5 43. c4 bxc4 44. bxc4 Kf6 45. c5 Qb7+ 46. Kc4 Qc6 47. Kd4
h4 {White resigns} 0-1  aics%

[Event "Team 45 45 League T29"]
[Site "Internet Chess Club"]
[Date "2005.12.26"]
[Round "2"]
[White "Fogbound"]
[Black "Gomer"]
[Result "0-1"]
[WhiteElo "1311"]
[BlackElo "1304"]
[TimeControl "2700+45"]

1. d4 Nf6 2. Nd2 d5 3. Ngf3 e6 4. e3 c5 5. dxc5 Bxc5 6. c3 O-O 7. Bd3 Nc6 8. O-O
Qb6 9. e4 Ng4 10. Qe2 Bd7 11. a3 a5 12. e5 f6 13. h3 Ngxe5 14. Bc2 Nxf3+ 15.
Nxf3 Ne5 16. Rb1 Bb5 17. Bxh7+ Kxh7 18. Ng5+ fxg5 19. Qh5+ Kg8 20. Be3 Bxf1 21.
Bxc5 Qxc5 22. Rxf1 Nd3 23. Qe2 Rxf2 24. Qxe6+ Kh7 25. Rxf2 Qxf2+ 26. Kh2 Rf8 27.
Qg4 Nf4 28. Qg3 Qxg2+ 29. Qxg2 Nxg2 30. Kxg2 Kg6 31. Kg3 Rf5 32. Kg4 Rf2 33. b3
Rc2 34. Kf3 Rxc3+ 35. Ke2 Rxh3 36. Kd2 Rxb3 37. Kc2 Rxa3 {White resigns} 0-1 
aics%

[Event "Team 45 45 League T29"]
[Site "Internet Chess Club"]
[Date "2005.12.27"]
[Round "2"]
[White "Prop"]
[Black "klt713"]
[Result "1/2-1/2"]
[WhiteElo "1256"]
[BlackElo "1239"]
[TimeControl "2700+45"]

1. e4 c5 2. Nf3 e6 3. Bc4 a6 4. a4 d6 5. Nc3 Nf6 6. d3 Be7 7. O-O O-O 8. Be3
Nbd7 9. Re1 Nb6 10. a5 Nxc4 11. dxc4 Bd7 12. Bg5 Bc6 13. e5 dxe5 14. Nxe5 Qxd1
15. Raxd1 Rad8 16. Nxc6 bxc6 17. Rd3 Rxd3 18. cxd3 Rd8 19. Rd1 h6 20. Be3 e5 21.
f3 Nd7 22. Kf2 f5 23. f4 Kh7 24. fxe5 Nxe5 25. Ke2 Ng4 26. h3 Nxe3 27. Kxe3 Bg5+
28. Kf3 Re8 29. Kf2 Bd8 30. Na4 Bxa5 31. Nxc5 Bb6 32. d4 Bxc5 33. dxc5 a5 34.
Ra1 Ra8 35. b3 Kg6 36. Ra4 Kf6 37. b4 Ke5 38. Rxa5 Rd8 39. b5 cxb5 40. Rxb5 Kd4
41. c6 Kxc4 42. Rxf5 Rc8 43. Rf7 Rxc6 44. Rxg7 Kd5 45. Re7 Kd6 46. Re1 Kd5 47.
g4 Rf6+ 48. Kg3 Rg6 49. h4 h5 50. g5 Re6 51. Rxe6 Kxe6 52. Kf4 Kf7 53. Kf5 Kg7
54. g6 Kg8 55. Kg5 Kg7 56. Kxh5 Kg8 57. Kg5 Kg7 58. h5 Kg8 59. h6 Kh8 60. Kf6
Kg8 61. Kg5 Kh8 62. g7+ Kh7 63. Kh5 Kg8 64. Kg5 Kh7 65. g8=Q+ Kxg8 66. Kh5 Kh7
67. Kg5 Kg8 68. Kh5 Kh7 69. Kg5 Kg8 70. Kg6 Kh8 71. Kf6 Kh7 72. Kg5 Kh8 73. Kg6
Kg8 74. h7+ Kh8 75. Kh6 {Black stalemated} 1/2-1/2  aics%

[Event "Team 45 45 League T29"]
[Site "Internet Chess Club"]
[Date "2005.12.27"]
[Round "2"]
[White "ffplayer"]
[Black "JustinZ"]
[Result "1-0"]
[WhiteElo "1112"]
[BlackElo "1216"]
[TimeControl "2700+45"]

1. d4 d5 2. c4 e6 3. Nf3 Nf6 4. Nc3 Be7 5. Bg5 O-O 6. e3 b6 7. Bd3 Bb7 8. O-O
Ne4 9. Bxe7 Qxe7 10. cxd5 exd5 11. Bxe4 dxe4 12. Nd2 Nd7 13. Rc1 Nf6 14. Qc2 c5
15. dxc5 Qxc5 16. Nb3 Qc4 17. Nd4 Qd3 18. Rfd1 Qxc2 19. Rxc2 Rac8 20. Rcd2 a6
21. Nf5 Rfe8 22. Nd6 Rxc3 23. bxc3 Re7 24. Nxb7 g6 25. Nd6 Rc7 26. c4 Nd7 27.
Nxf7 Rxc4 28. Rxd7 Rc2 29. Nh6+ Kf8 30. R7d2 Rc3 31. h3 b5 32. Rd8+ Kg7 33. Ng4
b4 34. R1d7# {Black checkmated} 1-0  aics%

[Event "Team 45 45 League T29"]
[Site "Internet Chess Club"]
[Date "2006.01.02"]
[Round "2"]
[White "mrmarck"]
[Black "QuaqQuao"]
[Result "0-1"]
[WhiteElo "1513"]
[BlackElo "1554"]
[TimeControl "2700+45"]

1. d4 d5 2. c4 e6 3. Nc3 c6 4. Nf3 dxc4 5. e3 b5 6. a4 Bb4 7. axb5 cxb5 8. Bd2
Bxc3 9. Bxc3 a5 10. b3 Bb7 11. bxc4 b4 12. Bd2 Nf6 13. Bd3 Nbd7 14. O-O O-O 15.
Re1 Re8 16. e4 e5 17. d5 Nc5 18. Bg5 a4 19. Bc1 Nb3 20. Ra2 Nxc1 21. Qxc1 b3 22.
Ra3 Qb6 23. Qb2 Nd7 24. Rc1 Nc5 25. Bb1 f6 26. Ne1 Rec8 27. Nd3 Nxe4 28. Qe2
Bxd5 29. cxd5 Rxc1+ 30. Nxc1 Nc3 31. Bxh7+ Kf8 32. Qc4 Nd1 33. Qe2 b2 34. Qxd1
Qd4 35. Qe1 Rc8 36. Nd3 Rc2 37. Nxb2 Rxb2 38. Rd3 Qb6 39. d6 Ke8 40. h3 Kd8 41.
Kh2 Qc5 42. d7 Rxf2 43. Rc3 Qd4 44. Rg3 g5 45. Qa5+ Kxd7 46. Qb5+ Kd6 47. Qa6+
Kc5 48. Qa5+ Kc6 49. Rc3+ Kb7 50. Rc7+ Kb8 51. Rc5 Qf4+ 52. Kg1 Rf1# {White
checkmated} 0-1  aics%

[Event "Team 45 45 League T29"]
[Site "Internet Chess Club"]
[Date "2005.12.26"]
[Round "2"]
[White "chessterbaggins"]
[Black "mwm913"]
[Result "1-0"]
[WhiteElo "1275"]
[BlackElo "1335"]
[TimeControl "2700+45"]

1. e4 e5 2. Nf3 Nc6 3. Nc3 Nf6 4. Be2 Bb4 5. d3 d6 6. a3 Bxc3+ 7. bxc3 Be6 8. d4
exd4 9. cxd4 Nxe4 10. Bb2 d5 11. O-O O-O 12. Ne5 Qg5 13. Bc1 Qf6 14. Bg4 Bxg4
15. Qxg4 Nxe5 16. dxe5 Qxe5 17. Bf4 Qc3 18. Qf5 c6 19. Qg4 h6 20. Bxh6 Qf6 21.
Be3 Qc3 22. Rfc1 a5 23. a4 Rae8 24. Rab1 Nf6 25. Qg5 Ne4 26. Qg4 Re6 27. Qe2
Rfe8 28. Rb3 Qf6 29. Rxb7 Ng5 30. Qd3 Ne4 31. Rf1 Nd6 32. Ra7 Nc4 33. h3 Ne5 34.
Qd2 Nc4 35. Qc1 Qc3 36. Rb7 Nd6 37. Rb3 Qf6 38. Bg5 Qd4 39. Ra3 Nc4 40. c3 Qe5
41. Ra1 Rg6 42. Bf4 Qf6 43. Bg3 Re6 44. Rb1 Re8 45. Rb7 Nd6 46. Rc7 Ne4 47. Re1
Kf8 48. c4 Qd8 49. cxd5 c5 50. Qc4 Nxg3 51. Rxe8+ Kxe8 52. d6 Rxd6 53. Qxf7#
{Black checkmated} 1-0  aics%

[Event "Team 45 45 League T29"]
[Site "Internet Chess Club"]
[Date "2005.12.31"]
[Round "2"]
[White "PocketChange"]
[Black "Conjurer"]
[Result "0-1"]
[WhiteElo "1270"]
[BlackElo "1257"]
[TimeControl "2700+45"]

1. e4 c5 2. Nf3 d6 3. d4 cxd4 4. Qxd4 a6 5. Be3 Nc6 6. Qd2 Nf6 7. Nc3 e6 8.
O-O-O Be7 9. Na4 Nd7 10. h4 b5 11. Nc3 Bb7 12. Nd4 Rc8 13. g3 O-O 14. Qe2 Nf6
15. Ndxb5 axb5 16. Qxb5 Na5 17. Bb6 Qd7 18. Qxa5 Nxe4 19. Bg2 Nxf2 20. Bxb7 Qxb7
21. Rh2 Nxd1 22. Nxd1 Bd8 23. Bxd8 Rfxd8 24. Rf2 Qc7 25. Qxc7 Rxc7 26. b4 Ra8
27. Kb2 f5 28. Kb3 h5 29. a4 g6 30. a5 Ra6 31. Nc3 Rb7 32. Rf4 Rxa5 33. Rc4 Rc5
34. Rxc5 dxc5 35. b5 Kf7 36. Kc4 Rc7 37. b6 Rc8 38. Kb5 Ke7 39. b7 Rb8 40. Kb6
Kd7 41. Nb5 e5 42. c4 e4 43. Ka7 e3 44. Kxb8 e2 45. Ka7 e1=Q 46. b8=Q Qa1+ 47.
Kb6 Qf6+ 48. Kxc5 Qc6+ 49. Kb4 Qc8 50. Qa7+ Kd8 51. Qa5+ Kd7 52. c5 Qc6 53. Qa7+
Kd8 54. Nd6 Qc7 55. Qxc7+ Kxc7 56. Kb5 Kd7 57. Nf7 Kc7 58. Nh8 g5 59. hxg5 f4
60. gxf4 h4 61. Ng6 h3 62. Nf8 h2 63. Ne6+ Kc8 64. g6 h1=Q 65. g7 Qb1+ 66. Kc6
Qe4+ 67. Kb5 Qxe6 68. f5 Qd7+ 69. c6 Qxg7 70. Kb6 Qd4+ 71. Kb5 Kc7 72. f6 Qxf6
73. Ka6 Qxc6+ 74. Ka5 Qc3+ 75. Kb5 Kd6 76. Kb6 Qc5+ 77. Ka6 Qb4 78. Ka7 Kc7 79.
Ka6 Qa4# {White checkmated} 0-1  aics%

[Event "Team 45 45 League T29"]
[Site "Internet Chess Club"]
[Date "2005.12.26"]
[Round "2"]
[White "guyd52"]
[Black "Tom45"]
[Result "1-0"]
[WhiteElo "1212"]
[BlackElo "1119"]
[TimeControl "2700+45"]

1. g3 Nf6 2. Nf3 d6 3. Bg2 e5 4. d3 h6 5. e4 Nc6 6. O-O Bg4 7. Nbd2 Qd7 8. c3
O-O-O 9. b4 b5 10. Bb2 d5 11. Qe1 Bxf3 12. Bxf3 d4 13. c4 Nxb4 14. Qb1 bxc4 15.
Nxc4 Bd6 16. Ba3 Nc6 17. Bxd6 cxd6 18. Qc2 Kc7 19. Rfc1 Rb8 20. Na5 Rb6 21. Rab1
Rhb8 22. Rxb6 Rxb6 23. Bd1 g5 24. Qc4 h5 25. Ba4 Qe6 26. Qc2 d5 27. Bxc6 Rxc6
28. Nxc6 Kd7 29. Nxa7 Ke7 30. Qc7+ Kf8 31. Qc8+ Qxc8 32. Rxc8+ Kg7 33. exd5 Nxd5
34. a3 Nc3 35. Rc7 e4 36. dxe4 Nxe4 37. Rc4 Nd2 38. Rxd4 Nf3+ 39. Kg2 Nxd4 40.
a4 Nb3 41. Kf3 f5 42. h4 g4+ 43. Kf4 Kf6 44. Nc6 Nc5 45. a5 Nd3+ 46. Ke3 Nc5 47.
Nb4 Ke5 48. Nd3+ Nxd3 49. Kxd3 Kd6 50. a6 Kc7 51. Kd4 Kb6 52. Ke5 f4 53. gxf4
Kxa6 54. f5 {Black resigns} 1-0  aics%

[Event "Team 45 45 League T29"]
[Site "Internet Chess Club"]
[Date "2006.01.02"]
[Round "2"]
[White "Budzo"]
[Black "Ghostblaster"]
[Result "1-0"]
[WhiteElo "1796"]
[BlackElo "1666"]
[TimeControl "2700+45"]

1. Nf3 d5 2. d4 c6 3. e3 Nf6 4. c4 e6 5. Nc3 Bd6 6. Qc2 Nbd7 7. Bd3 O-O 8. O-O
e5 9. cxd5 exd4 10. exd4 cxd5 11. Bg5 h6 12. Bh4 g5 13. Bg3 Bxg3 14. fxg3 Nb6
15. Qc1 Ne8 16. h4 f6 17. Qc2 Qe7 18. Rae1 Qg7 19. Bf5 Bxf5 20. Qxf5 Qd7 21.
Qxd7 Nxd7 22. Nxd5 Rc8 23. Ne7+ {Black resigns} 1-0  aics%

[Event "Team 45 45 League T29"]
[Site "Internet Chess Club"]
[Date "2005.12.23"]
[Round "2"]
[White "BenjaminSisko"]
[Black "pokerram"]
[Result "0-1"]
[WhiteElo "1488"]
[BlackElo "1669"]
[TimeControl "2700+45"]

1. e4 c5 2. Nf3 d6 3. g3 Nc6 4. d3 Nf6 5. Bg2 e5 6. c3 Bg4 7. h3 Be6 8. Nbd2 d5
9. Qe2 d4 10. O-O Bd6 11. cxd4 cxd4 12. b3 b5 13. Bb2 Rc8 14. Rac1 Qd7 15. Ng5
O-O 16. Nxe6 fxe6 17. a3 Qe7 18. b4 a5 19. bxa5 Nxa5 20. Rxc8 Rxc8 21. Nb1 Rc5
22. Rc1 Qc7 23. Qe1 Nb3 24. Rxc5 Nxc5 25. Bf1 Na4 26. Qc1 Nxb2 27. Qxb2 Qc5 28.
Qb3 Kf7 29. h4 b4 30. axb4 Qxb4 31. Qd1 h5 32. Nd2 Bb8 33. Nc4 Bd6 34. Qd2 Qxd2
35. Nxd2 Ng4 36. Nc4 Bc7 37. Be2 Kg6 38. Bd1 Kf6 39. Ba4 Ke7 40. Nd2 Nf6 41. Nf3
Nd7 42. Bb3 Nc5 43. Bc4 Kf6 44. Ng5 Ba5 45. Nh7+ Kf7 46. Kf1 Bd2 47. Ke2 Bh6 48.
f3 Nd7 49. g4 hxg4 50. fxg4 Bf4 51. Kf3 Nb6 52. Bb3 g6 53. g5 Nd7 54. Ba4 Nc5
55. Bb5 Be3 56. Nf6 Bf4 57. Ng4 Kg7 58. Bc4 Kf7 59. Nf2 Be3 60. Nh3 Kg7 61. Ke2
Kf7 62. Bb5 Bc1 63. Ng1 Be3 64. Nf3 Bf4 65. Kf2 Nb3 66. Ke2 Bg3 67. Bc4 Na5 68.
Ba2 Nb7 69. Kf1 Nc5 70. Bc4 Nd7 71. Kg2 Bf4 72. Kh3 Nb6 73. Bb3 Nc8 74. Kg4 Ne7
75. Nxd4 exd4 76. Kxf4 Nc6 77. Bc4 Na5 78. Ke5 Nxc4+ 79. Kxd4 {White resigns}
0-1  aics%

[Event "Team 45 45 League T29"]
[Site "Internet Chess Club"]
[Date "2005.12.29"]
[Round "2"]
[White "Borovnia"]
[Black "kingofthespill"]
[Result "1-0"]
[WhiteElo "1451"]
[BlackElo "1490"]
[TimeControl "2700+45"]

1. d4 Nf6 2. Nf3 d5 3. g3 c6 4. Bg2 Bf5 5. O-O Nbd7 6. Re1 h6 7. Nbd2 Qb6 8. c4
O-O-O 9. c5 Qa6 10. Bf1 b5 11. a4 e5 12. Nb3 exd4 13. axb5 Qb7 14. bxc6 Qxc6 15.
Nfxd4 Qa8 16. Nxf5 Nxc5 17. Qc2 Nd7 18. Be3 Qc6 19. Rec1 {Black resigns} 1-0 
aics%

[Event "Team 45 45 League T29"]
[Site "Internet Chess Club"]
[Date "2006.01.05"]
[Round "2"]
[White "chsrules88"]
[Black "Irvin"]
[Result "0-1"]
[WhiteElo "1816"]
[BlackElo "1814"]
[TimeControl "2700+45"]

1. e4 c5 2. Nf3 d6 3. Bd3 g6 4. O-O Nc6 5. c3 Bg7 6. Bc2 Nf6 7. d4 cxd4 8. cxd4
O-O 9. Nc3 Bg4 10. Be3 Nd7 11. Qd2 Bxf3 12. gxf3 Rc8 13. a3 Na5 14. b3 Qc7 15.
Nd5 Qxc2 16. Nxe7+ Kh8 17. Nxc8 Qxd2 18. Bxd2 Nxb3 19. Nxd6 Nxd2 20. Rfc1 Bxd4
21. Ra2 Nxf3+ 22. Kg2 Nfe5 23. Nxb7 Rb8 24. Na5 Nc5 25. f3 Ncd3 26. Rd1 Bc3 27.
Nc6 Nf4+ 28. Kg3 Nh5+ 29. Kh4 Nxc6 30. Rc2 Bf6+ 31. Kg4 Ne5+ 32. Kh3 Nxf3 33.
Rd7 Rb3 34. Rc8+ Kg7 35. Rxa7 Nd2+ 36. Kg4 Nxe4 37. Rc2 Bg5 38. Rcc7 Nhf6#
{White checkmated} 0-1  aics%

[Event "Team 45 45 League T29"]
[Site "Internet Chess Club"]
[Date "2006.01.06"]
[Round "2"]
[White "wojozim"]
[Black "nursey"]
[Result "0-1"]
[WhiteElo "1606"]
[BlackElo "1602"]
[TimeControl "2700+45"]

1. e4 e5 2. Nc3 Nf6 3. f4 d5 4. fxe5 Nxe4 5. Nf3 Nxc3 6. dxc3 c5 7. Bb5+ Bd7 8.
Bxd7+ Qxd7 9. O-O Nc6 10. Ng5 Nxe5 11. Qe2 f6 12. Nf3 Bd6 13. Bf4 O-O-O 14. b4
Nxf3+ 15. Qxf3 Bxf4 16. Qxf4 b6 17. bxc5 bxc5 18. Rab1 Qd6 19. Qf2 a6 20. Rb2
Rde8 21. Rfb1 g6 22. Rb6 Qc7 23. Rxa6 f5 24. Rbb6 Qe7 25. Rc6+ Kb7 26. Rab6+ Ka7
27. Ra6+ Kb7 28. Rcb6+ Kc8 29. Kf1 Qe3 30. Rc6+ Kb7 31. Rcb6+ Kc8 32. Ra7 Qc1+
{White resigns} 0-1  aics%

[Event "Team 45 45 League T29"]
[Site "Internet Chess Club"]
[Date "2005.12.24"]
[Round "2"]
[White "kutch"]
[Black "Smart"]
[Result "0-1"]
[WhiteElo "1478"]
[BlackElo "1611"]
[TimeControl "2700+45"]

1. e4 c5 2. Nf3 d6 3. Bb5+ Nc6 4. d4 cxd4 5. Nxd4 Bd7 6. c3 a6 7. Ba4 b5 8. Bb3
Nf6 9. Qf3 Ne5 10. Qe2 e6 11. Bf4 Nc6 12. Bg5 Be7 13. Nd2 O-O 14. O-O Qb6 15.
N2f3 Qd8 16. Rad1 Ne8 17. Bxe7 Qxe7 18. h3 Rc8 19. Nh2 Nc7 20. f4 e5 21. Nxc6
Bxc6 22. f5 Ne8 23. Ng4 Kh8 24. f6 Nxf6 25. Nxf6 gxf6 26. Rf5 Bd7 27. Rh5 Rg8
28. Rd3 Rg7 29. Qe3 Rcg8 30. g4 Rg5 31. Rh4 f5 32. exf5 Bxf5 33. Rd2 Be6 34.
Bxe6 fxe6 35. Rf2 Rf5 36. Rxf5 exf5 37. Qb6 Qxh4 38. Qxd6 h5 39. Qxe5+ Rg7 40.
Qxf5 hxg4 41. Qf8+ Rg8 42. Qf4 gxh3+ 43. Kf1 Qxf4+ {White resigns} 0-1  aics%

[Event "Team 45 45 League T29"]
[Site "Internet Chess Club"]
[Date "2005.12.23"]
[Round "2"]
[White "rabanito"]
[Black "BosqueVerde"]
[Result "1-0"]
[WhiteElo "1494"]
[BlackElo "1225"]
[TimeControl "2700+45"]

1. e4 e6 2. d4 d5 3. Nc3 dxe4 4. Nxe4 Nc6 5. Nf3 Nf6 6. Bg5 Be7 7. Nxf6+ Bxf6 8.
Bxf6 Qxf6 9. Bb5 Bd7 10. O-O O-O 11. Bxc6 Bxc6 12. Ne5 Be8 13. Re1 Rd8 14. c3 b6
15. Re3 c5 16. Rd3 cxd4 17. Ng4 Qg5 18. Rxd4 Bc6 19. Qe2 Rxd4 20. cxd4 h5 21.
Ne3 Rd8 22. Rc1 Bb7 23. Rc7 Be4 24. f3 Bf5 25. Nxf5 Qxf5 26. Qe5 Qb1+ 27. Kf2
Qxb2+ 28. Kg3 Qxa2 29. Qxh5 g6 30. Qg5 Rxd4 31. Qf6 e5 32. Rc8+ Kh7 33. Qh8#
{Black checkmated} 1-0  aics%

[Event "Team 45 45 League T29"]
[Site "Internet Chess Club"]
[Date "2005.12.23"]
[Round "2"]
[White "FatManMGS2"]
[Black "A-Ru"]
[Result "0-1"]
[WhiteElo "1876"]
[BlackElo "1911"]
[TimeControl "2700+45"]

1. e4 e6 2. d4 d5 3. exd5 exd5 4. Bd3 Nc6 5. Ne2 Bg4 6. f3 Bh5 7. g4 Bg6 8. h4
Bd6 9. h5 Bxd3 10. Qxd3 Nge7 11. Nbc3 Qd7 12. Be3 O-O-O 13. O-O-O Kb8 14. a3 a6
15. Nf4 Rde8 16. Ncxd5 Nxd5 17. Nxd5 Bxa3 18. Nxc7 Bxb2+ 19. Kxb2 Qxc7 20. Rb1
Ka8 21. c3 Na5 22. Bf2 Nc4+ 23. Kc2 Na3+ 24. Kd2 Nxb1+ 25. Rxb1 Re7 26. d5 Qf4+
27. Kc2 Qa4+ 28. Kb2 Rhe8 29. Rd1 Re2+ 30. Rd2 Rxd2+ 31. Qxd2 Qc4 32. Qd4 Qb5+
33. Ka3 Kb8 34. Qf4+ Kc8 35. Qxf7 Qd7 36. Qxd7+ Kxd7 37. Bd4 g6 38. hxg6 hxg6
39. f4 Re4 40. f5 Rxg4 41. fxg6 Rxg6 42. Kb4 Rg4 43. Kc5 a5 44. Kb5 Rxd4 45.
cxd4 b6 46. Ka4 Kd6 47. Kb3 b5 48. Kc3 Kxd5 49. Kb3 Kxd4 50. Ka3 Kc3 51. Ka2 Kc2
52. Ka3 b4+ 53. Ka2 b3+ 54. Ka3 b2 55. Ka4 b1=Q 56. Kxa5 Kc3 57. Ka6 Kc4 58. Ka7
Kc5 59. Ka8 Kc6 60. Ka7 Qb7# {White checkmated} 0-1  aics%

[Event "Team 45 45 League T29"]
[Site "Internet Chess Club"]
[Date "2005.12.22"]
[Round "2"]
[White "Rookmaster"]
[Black "chsrules88"]
[Result "0-1"]
[WhiteElo "1683"]
[BlackElo "1829"]
[TimeControl "2700+45"]

1. e4 e5 2. Nf3 Nc6 3. Bc4 Nd4 4. Nxd4 exd4 5. O-O d6 6. Qf3 Be6 7. Bxe6 fxe6 8.
Qh5+ Kd7 9. Qb5+ Kc8 10. d3 Nf6 11. Bg5 Be7 12. Nd2 h6 13. Bh4 g5 14. Bg3 Nh5
15. Nb3 e5 16. Na5 Rb8 17. c4 dxc3 18. Rac1 cxb2 19. Qxb2 Nxg3 20. fxg3 c6 21.
Rf7 Rf8 22. Rxf8 Bxf8 23. Qc3 Kd7 24. Nxb7 Qb6+ 25. Kf1 Rxb7 26. Qc4 Ke7 27. Qg8
Ke8 28. Qe6+ Re7 29. Qc8+ Kf7 30. Qf5+ Kg7 31. Qg4 Rf7+ 32. Ke1 Qe3+ {White
resigns} 0-1  aics%

[Event "Team 45 45 League T29"]
[Site "Internet Chess Club"]
[Date "2005.12.26"]
[Round "2"]
[White "PostMike"]
[Black "DaveTheRook"]
[Result "0-1"]
[WhiteElo "1511"]
[BlackElo "1708"]
[TimeControl "2700+45"]

1. e4 b6 2. c4 Bb7 3. Nc3 e6 4. d4 Bb4 5. Bd3 Nf6 6. f3 O-O 7. Ne2 Nc6 8. O-O
Bxc3 9. bxc3 h6 10. a4 Na5 11. Ba3 Re8 12. c5 d6 13. cxd6 cxd6 14. Bb4 Nc6 15.
a5 Nxb4 16. cxb4 Qe7 17. Qb3 Rec8 18. axb6 axb6 19. Rxa8 Rxa8 20. Bb5 Ra7 21.
Nc3 Ba6 22. Rc1 Ne8 23. Bxa6 Rxa6 24. Nb5 Qg5 25. Qc2 Qxb5 {White resigns} 0-1 
aics%